 Dungeon Crawl Stone Soup version 0.27-a0-684-g359e429f13 (webtiles) character file.

Game seed: 18314454417098373082

81 Dreamer the Shield-Bearer (level 4, 0/37 HPs)
             Began as a Formicid Fighter on Mar 20, 2021.
             Slain by Grinder (5 damage)
             ... on level 3 of the Dungeon.
             The game lasted 00:05:28 (2134 turns).

Dreamer the Shield-Bearer (Formicid Fighter)        Turns: 2134, Time: 00:05:29

Health: 0/37       AC:  9    Str: 22    XL:     4   Next: 68%
Magic:  4/4        EV:  6    Int:  7    God:
Gold:   110        SH:  9    Dex: 10    Spells: 3/3 levels left

rFire    . . .     SeeInvis +   a - +0 long sword
rCold    . . .     Faith    .   c - +0 kite shield
rNeg     . . .     Spirit   .   e - +0 chain mail
rPois    .         Reflect  .   (helmet unavailable)
rElec    .         Harm     .   (no cloak)
rCorr    .         Rampage  .   (no gloves)
Will     .....                  (no boots)
Stlth    ..........             (no amulet)
HPRegen  0.12/turn              (no ring)
MPRegen  0.09/turn              (no ring)

@: no status effects
A: permanent stasis, dig shafts and tunnels, antennae 3, four strong arms
a: Dig, Shaft Self


You were on level 3 of the Dungeon.
You visited 1 branch of the dungeon, and saw 3 of its levels.

You collected 110 gold pieces.

Inventory:

Hand Weapons
 a - a +0 long sword (weapon)
Armour
 c - a +0 kite shield (worn)
 e - a +0 chain mail (worn)
Jewellery
 f - a ring of magical power
 h - a ring of flight
Scrolls
 b - 2 scrolls of identify {unknown}
Potions
 d - a potion of might
 g - 2 potions of curing {unknown}
 i - a potion of berserk rage {unknown}


   Skills:
 + Level 3.7 Fighting
 + Level 2.5 Long Blades
 + Level 3.7 Armour
 + Level 1.3 Dodging
 + Level 4.1 Shields
 + Level 1.0 Transmutations
 + Level 0.5 Invocations


You had 3 spell levels left.
You didn't know any spells.
Your spell library contained the following spells:

 Spells                   Type           Power      Damage    Failure   Level
 Corona                   Hex            0%         N/A       100%        1
 Ensorcelled Hibernation  Hex/Ice        0%         N/A       100%        2
 Confusing Touch          Hex            0%         N/A       100%        3
 Dazzling Flash           Conj/Hex       0%         N/A       100%        3
 Gell's Gravitas          Tloc           0%         N/A       100%        3
 Portal Projectile        Hex/Tloc       0%         N/A       100%        3
 Tukima's Dance           Hex            0%         N/A       100%        3
 Manifold Assault         Tloc           0%         N/A       100%        4
 Passage of Golubria      Tloc           N/A        N/A       100%        4
 Dispersal                Tloc           0%         N/A       100%        6
 Disjunction              Tloc           0%         N/A       100%        8


Dungeon Overview and Level Annotations

Branches:
Dungeon (3/15)

Altars:

Shops:
D:1 :

Annotations:
D:3 Grinder


Innate Abilities, Weirdness & Mutations

You cannot be hasted, slowed, berserked, paralysed or teleported.
You can dig through walls and to a lower floor.
You have a pair of large antennae on your head. (SInv)
Your four strong arms can wield two-handed weapons with a shield.


Message History

The ooze quivers.
You completely miss Grinder. Grinder hits you.
You hit Grinder but do no damage. Grinder gestures at you.
Pain shoots through your body!
Grinder says, "FISH!"
You block Grinder's attack.
You hit Grinder.
Grinder is lightly wounded.
Grinder hits you but does no damage.
You barely miss Grinder.
Grinder is lightly wounded.
Grinder hits you but does no damage.
You slash Grinder!
Grinder is moderately wounded.
Grinder gestures at you. Pain shoots through your body!
Grinder hits you but does no damage.
You closely miss Grinder.
Grinder is moderately wounded.
Grinder gestures at you.
Your stasis prevents you from being paralysed.
You slash Grinder!
Grinder is heavily wounded.
Grinder barely misses you.
You riposte.
You completely miss Grinder.
Grinder is heavily wounded.
Grinder gestures at you.
Your stasis prevents you from being paralysed.
You hit Grinder.
Grinder is heavily wounded.
Grinder hits you.
You writhe in agony.
You slash Grinder!
Grinder is heavily wounded.
Grinder hits you!
* * * LOW HITPOINT WARNING * * *
You closely miss Grinder.
Grinder is heavily wounded.
Grinder hits you.
* * * LOW HITPOINT WARNING * * *
You writhe in agony.
You die...

#.#.......<#.#
#.#.####.#.#.#
#.#.#....#.#.#
#.#.##.###.#.#
#.#.##.....#.#
#.#.########.#
#.#.########.#
#.#..........#
#@############
#.5J.....
#########


You could see Grinder and an ooze.

Vanquished Creatures
  A worker ant (D:3)
  2 dart slugs
  A leopard gecko (D:2)
  2 giant cockroaches (D:2)
  5 goblins
  10 hobgoblins
  4 jackals (D:1)
  4 kobolds
  5 quokkas
  4 bats (D:1)
  9 rats
47 creatures vanquished.

Notes
Turn   | Place    | Note
-------+----------+-------------------------------------------
     0 | D:1      | Dreamer the Formicid Fighter began the quest for the Orb.
     0 | D:1      | Reached XP level 1. HP: 18/18 MP: 1/1
   122 | D:1      | Reached XP level 2. HP: 22/24 MP: 2/2
   437 | D:1      | Reached XP level 3. HP: 21/29 MP: 3/3
   663 | D:1      | Found Ynyilouh's Book Emporium.
   820 | D:1      | Reached skill level 4 in Shields
   846 | D:1      | You fall into a shaft and drop 1 floor!
   973 | D:2      | Reached skill level 1 in Dodging
  1334 | D:2      | Reached XP level 4. HP: 35/37 MP: 4/4
  2111 | D:3      | Reached skill level 1 in Transmutations
  2124 | D:3      | Noticed Grinder
  2134 | D:3      | Slain by Grinder

Illustrated notes

Levels and vault maps discovered:
D:1:      minmay_arrival_hallway, layout_basic, serial_shops,
          nicolae_shop_temple_entry_statues_fountains
D:2:      layout_basic
D:3:      layout_basic, minmay_close_crescents, uniq_robin, uniq_grinder

Skill      XL: |  1  2  3  4 |
---------------+-------------+-----
Shields        | 4 |  4.1
Dodging        | 1 |  1.3
Transmutations | 1 |  1.0
Fighting       | |  3.7
Long Blades    | |  2.5
Armour         | |  3.7
Invocations    | |  0.5

Action                   |  1- 3 |  4- 6 || total
-------------------------+-------+-------++-------
Melee: Long sword        |   122 |    57 ||   179
Armor: Scale mail        |    16 |       ||    16
       Chain mail        |    29 |    22 ||    51
Dodge: Dodged            |    43 |     9 ||    52
Block: Kite shield       |    70 |    28 ||    98
       Rpst.: Long sword |    12 |     2 ||    14

Table legend: (Time is in decaauts)
 A = Elapsed time spent in this place.
 B = Non-inter-level travel time spent in this place.
 C = Inter-level travel time spent in this place.
 D = Time resting spent in this place.
 E = Time spent auto-exploring this place.
 F = Levels seen in this place.
 G = Mean time per level.
                   A        B        C        D        E       F      G
               +--------+--------+--------+--------+--------+-----+--------+
         Total |   2217 |   2104 |    113 |      0 |   1580 |   3 |  739.0 |
       Dungeon |   2217 |   2104 |    113 |      0 |   1580 |   3 |  739.0 |
               +--------+--------+--------+--------+--------+-----+--------+

Top non-repeatable levels by time:
     D:2: 1112 daAuts
     D:1: 1022 daAuts
     D:3: 82 daAuts
